 Dungeon Sprint DCSS version 0.27-a0-74-gebd156f8b4 (webtiles) character file.

Game seed: 3420076657518744792

4 mhtbhm the Magician (level 1, -1/10 HPs)
             Began as a Deep Elf Earth Elementalist on Jan 12, 2021.
             Slain by an ice beast (4 damage)
             ... in the Dungeon (Sprint IX: "|||||||||||||||||||||||||||||").
             The game lasted 00:00:45 (186 turns).

mhtbhm the Magician (Deep Elf Earth Elementalist)    Turns: 186, Time: 00:00:46

Health: -1/10      AC:  2    Str:  5    XL:     1   Next: 58%
Magic:  0/7        EV: 13    Int: 19    God:
Gold:   0          SH:  0    Dex: 15    Spells: 6/7 levels left

rFire    . . .     SeeInvis .   (no weapon)
rCold    . . .     Faith    .   (no shield)
rNeg     . . .     Spirit   .   c - +0 robe
rPois    .         Reflect  .   (no helmet)
rElec    .         Harm     .   (no cloak)
rCorr    .         Rampage  .   (no gloves)
Will     .....     NoTele   +   (no boots)
Stlth    ++........             (no amulet)
HPRegen  0.03/turn              (no ring)
MPRegen  0.10/turn              (no ring)

@: hasted, very quick
A: no striking features
a: no special abilities


You were in the Dungeon.
You visited 1 branch

Inventory:

Missiles
 b - 21 stones
Armour
 c - a +0 robe (worn)
Scrolls
 i - a scroll of blinking
Potions
 d - a potion of curing
 e - a potion of heal wounds
 g - 2 potions of magic
 h - a potion of berserk rage


   Skills:
 + Level 3.2 Dodging
 + Level 2.8 Stealth
 + Level 3.7 Spellcasting
 + Level 1.4 Transmutations
 + Level 3.7 Earth Magic


You had 6 spell levels left.
You knew the following spells:

 Your Spells              Type           Power        Failure   Level
a - Sandblast             Erth           34%          3%          1

Your spell library contained the following spells:

 Spells                   Type           Power        Failure   Level
 Passwall                 Tmut/Erth      10%          8%          2
 Stone Arrow              Conj/Erth      20%          21%         3
 Petrify                  Tmut/Erth      13%          43%         4
 Lee's Rapid Deconstruct  Erth           8%           63%         5


Dungeon Overview and Level Annotations

Branches:
Dungeon (1/1)

Altars:


Message History

The ice beast is moderately wounded.
Unknown command.
There is a staircase leading out of the dungeon here.
Casting: Sandblast (safe; 3% risk of failure)
Confirm with . or Enter, or press ? or * to list all spells.
Aiming: Sandblast (safe; 3% risk of failure)
Press: ? - help, Shift-Dir - straight line, f/p - ice beast
Aim: an ice beast (moderately wounded, 21% to evade)
The blast of sand hits the ice beast but does no damage.
The ice beast is moderately wounded.
Unknown command.
Casting: Sandblast (safe; 3% risk of failure)
Confirm with . or Enter, or press ? or * to list all spells.
Aiming: Sandblast (safe; 3% risk of failure)
Press: ? - help, Shift-Dir - straight line, f/p - ice beast
Aim: an ice beast (moderately wounded, 21% to evade)
The blast of sand hits the ice beast.
The ice beast is moderately wounded.
The ice beast hits you.
You die...

▓▓▓
▓@▓
▓Y▓
▓h▓
▓.▓
▓o▓
▓S▓
▓)▓
▓Z▓
▓.▓


You could see an ice beast, an adder, an orc, a ball python zombie and a jackal.

Vanquished Creatures
  2 hobgoblins (D)
  A kobold (D)
  2 rats (D)
5 creatures vanquished.

Notes
Turn   | Place    | Note
-------+----------+-------------------------------------------
     0 | D        | mhtbhm the Deep Elf Earth Elementalist began the quest for
                  | the Orb.
     0 | D        | Reached XP level 1. HP: 10/10 MP: 6/6
    15 | D        | Banished a spatial maelstrom
   168 | D        | Noticed an ice beast
   186 | D        | Slain by an ice beast

Illustrated notes

Levels and vault maps discovered:
D:        linesprint [early_d, line_temple, items_1, d_10, items_2, lair_1,
          lair_end, items_3, orc_1, orc_end, items_4, d_15, swamp_1, shoals_1,
          snake_1, spider_1, d_20, vaults_1, items_5, swamp_end, shoals_end,
          snake_end, spider_end, vaults_end, d_27, items_6, zot_1, zot_end,
          crypt_end, forest_end, elf_end, slime_end, tomb_end, abyss_end,
          pan_hell_end]

Skill      XL: |  1 |
---------------+----+-----
Dodging        | 3 |  3.2
Stealth        | |  2.8
Spellcasting   | |  3.7
Transmutations | |  1.4
Earth Magic    | |  3.7

Action                   || total
-------------------------++-------
 Cast: Sandblast         ||    13
  Use: Potion            ||     1
Armor: Robe              ||     1
Dodge: Dodged            ||     4

Table legend: (Time is in decaauts)
 A = Elapsed time spent in this place.
 B = Non-inter-level travel time spent in this place.
 C = Inter-level travel time spent in this place.
 D = Time resting spent in this place.
 E = Time spent auto-exploring this place.
 F = Levels seen in this place.
 G = Mean time per level.
                   A        B        C        D        E       F      G
               +--------+--------+--------+--------+--------+-----+--------+
         Total |    181 |    181 |      0 |    141 |      3 |   1 |  181.0 |
       Dungeon |    181 |    181 |      0 |    141 |      3 |   1 |  181.0 |
               +--------+--------+--------+--------+--------+-----+--------+

Top non-repeatable levels by time:
       D: 181 daAuts
